 Dungeon Crawl Stone Soup version 0.31-a0-472-g43a2ca8e1b (webtiles) character file.

Game seed: 16645071757607804356

10 Ethylacetat the Changeling (level 2, 0/18 HPs)
             Began as an Octopode Shapeshifter on Aug 6, 2023.
             Slain by a giant cockroach (1 damage)
             ... on level 1 of the Dungeon.
             The game lasted 00:00:16 (170 turns).

Ethylacetat the Changeling (Octopode Shapeshifter)   Turns: 170, Time: 00:00:17

Health: 0/18       AC:  1    Str: 14    XL:     2   Next: 20%
Magic:  2/2        EV: 13    Int: 10    God:
Gold:   9          SH:  0    Dex: 12    Spells: 1/1 levels left

rFire   . .          .
                       - Unarmed
rCold   . . .        (no shield)
rNeg    . . .        (helmet currently unavailable)
rPois   .            (no amulet)
rElec   .            (no ring)
rCorr   .            (no ring)
SInv    .            (no ring)
Will    .....        (no ring)
Stlth   ++           (no ring)
HPRegen 0.23/turn    (no ring)
MPRegen 0.08/turn    (no ring)
                     (no ring)

%: no passive effects
@: beast-form
A: beast (slay +2), almost no armour, amphibious, 8 rings, camouflage 1,
gelatinous body 1, (nimble swimmer 1), tentacles
a: Begin Untransformation


You were on level 1 of the Dungeon.
You were a hulking beast.
You visited 1 branch of the dungeon, and saw 1 of its levels.

You collected 9 gold pieces.

Inventory:

Talismans
 b - a beast talisman (active)
Scrolls
 c - a scroll of identify {unknown}
Potions
 a - a potion of lignification
 d - a potion of brilliance {unknown}


   Skills:
 + Level 1.3 Fighting
 - Level 2.0 Dodging
 + Level 3.1 Unarmed Combat
 * Level 3.2 Shapeshifting


You had one spell level left.
You didn't know any spells.
Your spell library was empty.

Dungeon Overview and Level Annotations

Branches:
Dungeon (1/15)

Altars:


Innate Abilities, Weirdness & Mutations

You are a hulking beast.
Your limbs bulge with bestial killing power. (Slay +2)
You cannot wear most types of armour.
You are amphibious.
You can wear up to eight rings at the same time.
Your skin changes colour to match your surroundings (Stealth+).
Your rubbery body absorbs attacks. (AC +1, EV +1)
((You are camouflaged when in or above water. (Stealth+)))
You have tentacles for arms and can constrict up to eight enemies at once.


Message History

You closely miss the quokka. Your grab misses the quokka. The quokka bites you.
* * * LOW HITPOINT WARNING * * *
You are too injured to fight recklessly!
There are monsters nearby!
You are too injured to fight recklessly!
There are monsters nearby!
You are too injured to fight recklessly!
There are monsters nearby!
You are too injured to fight recklessly!
You are too injured to fight recklessly!
You tentacle-slap the quokka. You grab the quokka.
The quokka is heavily wounded.
You constrict the quokka, but do no damage.
The giant cockroach bites you.
* * * LOW HITPOINT WARNING * * *
The quokka bites you.
* * * LOW HITPOINT WARNING * * *
You tentacle-slap the dart slug. You grab the dart slug.
You squeeze the dart slug, but do no damage.
The dart slug is moderately wounded.
You constrict the dart slug.
You constrict the quokka, but do no damage.
The giant cockroach misses you. The quokka misses you.
You bludgeon the quokka!
You kill the quokka!
You constrict the dart slug.
The giant cockroach bites you but does no damage.
The dart slug barely misses you.
You have reached level 2!
You bludgeon the dart slug!
You kill the dart slug!
The giant cockroach barely misses you.
You barely miss the giant cockroach. You grab the giant cockroach.
You constrict the giant cockroach, but do no damage.
The giant cockroach barely misses you.
You tentacle-slap the giant cockroach but do no damage.
You constrict the giant cockroach. The giant cockroach bites you.
* * * LOW HITPOINT WARNING * * *
The giant cockroach bites you.
You die...

##. .# ..# .# ##..
.# >.. .# #..#.##
#.....#####
.####..)B......
.......h..#
.###......# . ###
#.##.#.# #.. ...
#.##.#.# #.# #.#
#.#†...# #.#
#.######.#..#.#
#.####.##.....#..#.#
..............#..#.#
..###..............#


You could see a giant cockroach.

Vanquished Creatures
  A dart slug (D:1)
  A bat (D:1)
  2 endoplasms (D:1)
  A goblin (D:1)
  A quokka (D:1)
  A ball python (D:1)
7 creatures vanquished.

Notes
Turn   | Place    | Note
-------+----------+-------------------------------------------
     0 | D:1      | Ethylacetat the Octopode Shapeshifter began the quest for
                  | the Orb.
     0 | D:1      | Reached XP level 1. HP: 13/13 MP: 1/1
   168 | D:1      | Reached XP level 2. HP: 2/18 MP: 2/2
   170 | D:1      | Slain by a giant cockroach

Illustrated notes

Levels and vault maps discovered:
D:1:      dpeg_arrival_erosion, layout_loops_ring, minmay_misc_feat_iff

Action                     || total
---------------------------++-------
  Melee: Unarmed           ||    15
         Constrict         ||     5
         Tentacles         ||     3
   Stab: Sleeping          ||     1
 Armour: Skin              ||     2
  Dodge: Dodged            ||     8

Table legend: (Time is in decaauts)
 A = Elapsed time spent in this place.
 B = Non-inter-level travel time spent in this place.
 C = Inter-level travel time spent in this place.
 D = Time resting spent in this place.
 E = Time spent auto-exploring this place.
 F = Levels seen in this place.
 G = Mean time per level.
                   A        B        C        D        E       F      G
               +--------+--------+--------+--------+--------+-----+--------+
         Total |    169 |    169 |      0 |      0 |    127 |   1 |  169.0 |
       Dungeon |    169 |    169 |      0 |      0 |    127 |   1 |  169.0 |
               +--------+--------+--------+--------+--------+-----+--------+

Top non-repeatable levels by time:
     D:1: 169 daAuts
